 Dungeon Crawl Stone Soup version 0.31-a0-542-gdc2a67831c (webtiles) character file.

Game seed: 2696174332311861441

1 mobinator the Magician (level 1, 13/13 HPs)
             Began as a Human Hedge Wizard on Aug 14, 2023.
             Quit the game on level 1 of the Dungeon on Aug 16, 2023.
             The game lasted 00:01:14 (81 turns).

mobinator the Magician (Human Hedge Wizard)           Turns: 81, Time: 00:01:15

Health: 13/13      AC:  2    Str: 10    XL:     1   Next: 22%
Magic:  4/4        EV: 12    Int: 14    God:
Gold:   12         SH:  0    Dex: 12    Spells: 4/6 levels left

rFire   . . .        a - +0 dagger
rCold   . . .        (no shield)
rNeg    . . .        b - +0 robe
rPois   .            c - +0 hat
rElec   .            (no cloak)
rCorr   .            (no gloves)
SInv    .            (no boots)
Will    .....        (no amulet)
Stlth   ++           (no ring)
HPRegen 0.22/turn    (no ring)
MPRegen 0.09/turn

%: no passive effects
@: no status effects
A: no striking features
a: no special abilities


You were on level 1 of the Dungeon.
You visited 1 branch of the dungeon, and saw 1 of its levels.

You collected 12 gold pieces.

Inventory:

Hand Weapons
 a - a +0 dagger (weapon)
Armour
 b - a +0 robe (worn)
 c - a +0 hat (worn)
Potions
 d - a potion of magic


   Skills:
 + Level 2.0 Dodging
 + Level 2.0 Stealth
 + Level 3.0 Spellcasting
 + Level 1.0 Conjurations
 + Level 1.0 Summonings
 + Level 1.0 Translocations


You had 4 spell levels left.
You knew the following spells:

 Your Spells              Type           Power      Damage    Failure   Level
a - Magic Dart            Conj           20%        1d4       14%         1
b - Slow                  Hex            8%         N/A       22%         1

Your spell library contained the following spells:

 Spells                   Type           Power      Damage    Failure   Level
 Blink                    Tloc           10%        N/A       22%         2
 Call Imp                 Summ           10%        N/A       22%         2
 Cigotuvi's Dreadful Rot  Necr/Pois/Air  4%         N/A       32%         2
 Mephitic Cloud           Conj/Pois/Air  3%         N/A       50%         3


Dungeon Overview and Level Annotations

Branches:
Dungeon (1/15)

Altars:


Message History

The giant cockroach bites you.
Aiming: Magic Dart (safe; 14% risk of failure)
Press: ? - help, Q - select action, (/) - cycle Shift-Dir - straight line, f/p - giant cockroach
Aim: a giant cockroach (moderately wounded, 100% to hit)
You miscast Magic Dart.
You are very lightly contaminated with residual magic.
Nothing appears to happen.
The giant cockroach barely misses you.
The giant cockroach bites you but does no damage.
You don't have enough magic to cast this spell.
You don't have enough magic to cast this spell.
You closely miss the giant cockroach.
The giant cockroach is moderately wounded.
The giant cockroach bites you.
You hit the giant cockroach but do no damage.
The giant cockroach is moderately wounded.
The giant cockroach bites you but does no damage.
You hit the giant cockroach.
The giant cockroach is severely wounded.
The giant cockroach barely misses you.
You hit the giant cockroach but do no damage.
The giant cockroach is severely wounded.
The giant cockroach barely misses you.
You hit the giant cockroach but do no damage.
The giant cockroach is severely wounded.
The giant cockroach bites you but does no damage.
The giant cockroach completely misses you.
You hit the giant cockroach.
You kill the giant cockroach!
Your magical contamination has completely faded away.
You start resting.
HP restored.
Unknown command.
Magic restored.
A rat comes into view.
A rat is nearby!
Welcome back, mobinator the Human Hedge Wizard.
Press ? for a list of commands and other information.
Unknown command.
Are you sure you want to abandon this character and quit the game? (Confirm with "yes".)

.########
#r......#
#@# #.##
#..# ##.#
#.# #.#
#.# ###.#
#...#


You could see a rat.

Vanquished Creatures
  A giant cockroach (D:1)
1 creature vanquished.

Notes
Turn   | Place    | Note
-------+----------+-------------------------------------------
     0 | D:1      | mobinator the Human Hedge Wizard began the quest for the
                  | Orb.
     0 | D:1      | Reached XP level 1. HP: 13/13 MP: 4/4
     4 | D:1      | Learned a level 1 spell: Slow
    81 | D:1      | Quit the game

Illustrated notes

Levels and vault maps discovered:
D:1:      doesnt_arrival_eight_statues, layout_loops_ring, serial_shops,
          nicolae_shop_peninsula, grunt_decor_junction, minivault_4

Action                     || total
---------------------------++-------
  Melee: Dagger            ||     7
   Cast: Magic Dart        ||     3
 Armour: Robe              ||     5
  Dodge: Dodged            ||     7

Table legend: (Time is in decaauts)
 A = Elapsed time spent in this place.
 B = Non-inter-level travel time spent in this place.
 C = Inter-level travel time spent in this place.
 D = Time resting spent in this place.
 E = Time spent auto-exploring this place.
 F = Levels seen in this place.
 G = Mean time per level.
                   A        B        C        D        E       F      G
               +--------+--------+--------+--------+--------+-----+--------+
         Total |     81 |     81 |      0 |      3 |     54 |   1 |   81.0 |
       Dungeon |     81 |     81 |      0 |      3 |     54 |   1 |   81.0 |
               +--------+--------+--------+--------+--------+-----+--------+

Top non-repeatable levels by time:
     D:1: 81 daAuts
